 Dungeon Crawl Stone Soup version 0.20.0-15-g7f486f2 (webtiles) character file.

108719 Hildebrand the Severer (level 16, -2/240 HPs)
             Began as a Minotaur Berserker on June 9, 2017.
             Was a High Priest of Trog.
             Slain by a salamander
             ... wielding a +2 halberd
              (10 damage)
             ... on level 15 of the Dungeon on June 10, 2017.
             The game lasted 02:16:26 (27372 turns).

Hildebrand the Severer (Minotaur Berserker)        Turns: 27372, Time: 02:16:27

Health: -2/240     AC: 22    Str: 28    XL:     16   Next: 3%
Magic:  0/5        EV: 19    Int:  6    God:    Trog [*****.]
Gold:   2878       SH:  2    Dex: 14    Spells: 15/15 levels left

rFire    . . .     SeeInvis +   P - +6 battleaxe (antimagic)
rCold    . . .     Gourm    .   (shield currently unavailable)
rNeg     . . .     Faith    .   F - +0 plate armour
rPois    .         Spirit   +   (helmet restricted)
rElec    +         Reflect  +   G - scarf {Spirit}
rCorr    .         Harm     .   R - +2 pair of gloves
MR       +++..                  Q - +1 pair of boots
Stlth    ..........             o - +2 amulet of reflection
Regen    1.5/turn               E - +5 ring of evasion
MPRegen  0.1/turn               e - ring of see invisible

@: berserking, regenerating, very quick
A: retaliatory headbutt, horns 2, electricity resistance
a: Berserk, Trog's Hand, Brothers in Arms, Burn Spellbooks, Renounce Religion


You were on level 15 of the Dungeon.
You worshipped Trog.
Trog was extremely pleased with you.
You were very hungry.

You visited 6 branches of the dungeon, and saw 26 of its levels.
You also visited: Sewer and Ice Cave.

You collected 2878 gold pieces.

Inventory:

Hand Weapons
 f - the +9 rapier "Monik" {pierce, rF- Int+5}
   (You found it on level 5 of the Dungeon)

   It inflicts extra damage upon your enemies.
   It affects your intelligence (+5).
   It makes you vulnerable to fire.
 P - a +6 antimagic battleaxe (weapon)
Missiles
 j - 2 poisoned tomahawks
 y - 49 tomahawks (quivered)
Armour
 p - the +1 buckler of Xekos {rC+}
   (You found it on level 4 of the Dungeon)

   It protects you from cold.
 F - a +0 plate armour (worn)
 G - a scarf of spirit shield (worn)
 Q - a +1 pair of boots (worn)
 R - a +2 pair of gloves (worn)
Jewellery
 e - a ring of see invisible (right hand)
 l - an uncursed ring of positive energy
 o - a +2 amulet of reflection (around neck)
 C - a +3 ring of slaying
 E - a +5 ring of evasion (left hand)
 M - a +4 ring of protection
Wands
 a - a wand of enslavement (15/24)
 r - a wand of digging (19/24)
 u - a wand of confusion (36/48)
Scrolls
 q - 5 scrolls of teleportation
 s - 4 scrolls of recharging
 t - 3 scrolls of enchant weapon
 z - a scroll of silence
 A - 5 scrolls of fog
 B - 2 scrolls of magic mapping
 H - 6 scrolls of remove curse
 I - 2 scrolls of enchant armour
 J - a scroll of summoning
 L - 3 scrolls of identify
Potions
 d - 6 potions of agility
 g - 14 potions of curing
 i - 8 potions of might
 k - 4 potions of heal wounds
 m - 2 potions of invisibility
 n - 2 potions of mutation
 v - a potion of cancellation {unknown}
 w - 9 potions of haste
 D - a potion of ambrosia
 K - 3 potions of lignification
 S - a potion of flight
Miscellaneous
 N - a phial of floods
Comestibles
 b - 9 fruits
 c - 15 bread rations
 h - 19 meat rations
 x - 12 royal jellies
 O - 15 chunks of flesh


   Skills:
 * Level 19.0 Fighting
 * Level 19.1 Axes
 + Level 5.2 Throwing
 + Level 12.9 Armour
 + Level 12.1 Dodging


You had 15 spell levels left.
You didn't know any spells.

Dungeon Overview and Level Annotations

Branches:
Dungeon (15/15)            Temple (1/1) D:5            Lair (6/6) D:8
  Swamp (0/4) Lair:2        Snake (0/4) Lair:2        Slime (1/5) Lair:5
    Orc (2/2) D:11            Elf (1/3) Orc:2        Vaults (0/5) D:14
 Depths (0/5) D:15

Altars:
Ashenzari
Cheibriados
Elyvilon
Fedhas
Gozag
Kikubaaqudgha
Okawaru
Qazlal
Sif Muna
Trog
Uskayaw
Vehumet
Xom
Yredelemnul
Zin
Beogh

Shops:
D:5 =   D:9 [   D:10 (   Orc:2 %?:(

Portals:
Pandemonium: Orc:2


Innate Abilities, Weirdness & Mutations

You reflexively headbutt those who attack you in melee.
You have a pair of horns on your head.
You are resistant to electric shocks. (rElec)


Message History

The dire elephant trunk-slaps you but does no damage.
Huge Dmg: -5%(-11hp) hp: 5%(11hp)
You slice the dire elephant!!
You kill the dire elephant!
Trog accepts your kill.
The salamander hits you but does no damage.
You see here a dire elephant corpse.
You chop the slime creature into pieces!!!
You headbutt the slime creature.
You kill the slime creature!
Trog accepts your kill.
You slash the salamander! The salamander completely misses you.
You completely miss the salamander. Your headbutt misses the salamander.
The salamander is severely wounded.
You hit the salamander. You headbutt the salamander!
The salamander is almost dead.
The salamander hits you with an enchanted halberd!
* * * LOW HITPOINT WARNING * * *
You are engulfed in flames!
You die...

..# ..#
##.####>#
#.NJ...# #≈.# #
#..# .#
##.####.####
#..N#......#
#.≈.@.≈.#
#...##### .
#.### .
#.############
#............#
# #
#######......#
.###.
#......##..##..
#.........##..#
#......####..#.


You could see a salamander.

Vanquished Creatures
  Gastronok (Lair:1)
  Frances (D:13)
  An azure jelly (Lair:5)
  An orc warlord (D:14)
  Nessos (D:14)
  A dire elephant (D:15)
  Josephine (D:12)
  3 hydras
  An ice dragon (IceCv)
  A death knight (D:14)
  A rakshasa (D:14)
  2 centaur warriors
  A catoblepas (Lair:6)
  The ghost of mg7810 the Cleaver, a novice HOFi of Nemelex Xobeh (D:10)
  5 two-headed ogres
  A tengu warrior (D:13)
  6 orc high priests (Orc:2)
  Nergalle (D:10)
  8 skeletal warriors
  An unseen horror (D:14)
  A deep elf archer (Orc:2)
  A gelid demonspawn (Orc:2)
  An infernal demonspawn (Orc:2)
  A lindwurm (Lair:6)
  5 orc knights
  5 orc sorcerers (Orc:2)
  A wolf spider (Lair:6)
  A deep elf mage (D:13)
  11 elephants
  7 ugly things
  2 ice statues (IceCv)
  A manticore (D:15)
  7 black mambas
  A centaur zombie (D:15)
  A guardian serpent (Lair:6)
  2 torpor snails
  An orange demon (Orc:2)
  3 gargoyles
  13 spiny frogs
  7 rime drakes
  A freezing wraith (D:14)
  4 komodo dragons
  An ice devil (Orc:2)
  A merfolk (D:10)
  2 red devils
  8 trolls
  2 polar bears
  A queen bee (D:11)
  2 hornets (Lair:6)
  2 slime creatures (D:15)
  10 blink frogs
  5 hippogriffs
  3 redbacks (Lair:6)
  15 wyverns
  37 yaks
  7 wraiths
  Grum (D:11)
  A vampire (D:11)
  12 humans (D:14)
  The ghost of apoch the Chopper, an amateur HOFi of Okawaru (D:3)
  3 basilisks
  A hungry ghost (D:7)
  A chaos spawn (Orc:2)
  A steam dragon (D:12)
  15 wargs
  3 nagas (Lair:2)
  A soldier ant (D:11)
  5 acid dragons
  7 porcupines
  16 water moccasins
  A black bear (D:8)
  45 orc warriors
  A necrophage (D:9)
  17 ice beasts
  A boggart (D:14)
  11 ogres
  4 sky beasts
  An eye of draining (D:14)
  3 phantoms
  21 wolves
  22 centaurs
  13 crocodiles
  4 big kobolds
  18 bullfrogs
  4 gnoll sergeants
  A wyvern skeleton (D:8)
  8 scorpions
  21 killer bees (D:11)
  4 electric eels
  6 howler monkeys
  5 crimson imps
  7 hounds
  9 jellies
  A bullfrog zombie (D:9)
  24 orc priests
  2 centaur skeletons
  25 orc wizards
  2 bullfrog skeletons
  Terence (D:2)
  14 worker ants
  4 iguanas
  2 killer bee zombies (D:7)
  A hound zombie (D:11)
  3 hound skeletons
  A worker ant zombie (D:11)
  22 gnolls
  11 adders
  8 river rats
  3 shadow imps
  3 oozes
  3 adder zombies
  2 adder skeletons
  8 worms
  5 dart slugs
  7 leopard geckos
  110 orcs
  9 giant cockroaches
  10 hobgoblins
  13 jackals
  14 kobolds
  2 quokkas
  17 ball pythons
  4 bats
  5 frilled lizards
  10 goblins
  A jackal skeleton (D:5)
  A quokka skeleton (D:7)
  27 rats
  2 fungi
  2 plants
886 creatures vanquished.

Vanquished Creatures (collateral kills)
  An ice dragon (IceCv)
  2 hydras
  4 humans (D:14)
  A warg (D:14)
  An orc warrior (D:11)
  A big kobold (D:14)
  4 gnoll sergeants (D:11)
  A wyvern zombie (D:14)
  3 orcs (D:11)
  3 kobolds (D:14)
21 creatures vanquished.

Vanquished Creatures (others)
  A centaur (D:13)
  27 fungi
  20 plants
48 creatures vanquished.

Grand Total: 955 creatures vanquished

Notes
Turn   | Place    | Note
-------+----------+-------------------------------------------
     0 | D:1      | Hildebrand the Minotaur Berserker began the quest for the Orb.
     0 | D:1      | Reached XP level 1. HP: 19/19 MP: 0/0
   128 | D:1      | Found a shattered altar of Ashenzari.
   178 | D:1      | Reached XP level 2. HP: 25/27 MP: 1/1
   629 | D:1      | Reached XP level 3. HP: 34/34 MP: 2/2
   641 | D:1      | Reached ** piety under Trog
   855 | D:2      | You fall through a shaft!
   855 | D:3      | Noticed apoch's ghost (amateur HOFi)
   862 | D:3      | Killed apoch's ghost
   862 | D:3      | Reached skill level 5 in Fighting
   862 | D:3      | Reached skill level 5 in Axes
   862 | D:3      | Reached XP level 4. HP: 44/44 MP: 3/3
   862 | D:3      | Reached XP level 5. HP: 50/50 MP: 4/4
   867 | D:3      | Huge Dmg: 22 dmg
  1117 | D:2      | Noticed Terence
  1126 | D:2      | Killed Terence
  1311 | D:2      | Huge Dmg: 8 dmg
  1316 | D:2      | Huge Dmg: 10 dmg
  1850 | D:2      | Reached XP level 6. HP: 49/57 MP: 5/5
  2109 | D:2      | Reached *** piety under Trog
  2396 | D:3      | Found a hide-covered altar of Uskayaw.
  2446 | D:3      | Found a stormy altar of Qazlal.
  2477 | D:3      | Found a faded altar of an unknown god.
  2744 | D:4      | Noticed a moth of wrath
  2748 | D:4      | Found a bloodstained altar of Trog.
  2756 | D:4      | Huge Dmg: 15 dmg
  2758 | D:4      | Huge Dmg: 9 dmg
  2760 | D:4      | Huge Dmg: 10 dmg
  2761 | D:4      | Huge Dmg: 10 dmg
  2806 | D:4      | Huge Dmg: 6 dmg
  2810 | D:4      | Huge Dmg: 6 dmg
  2827 | D:4      | Huge Dmg: 9 dmg
  2834 | D:4      | Huge Dmg: 7 dmg
  3045 | D:4      | Found a shimmering altar of Xom.
  3049 | D:4      | Found a shimmering altar of Xom.
  3051 | D:4      | Found a shimmering altar of Xom.
  3236 | D:4      | Found a shimmering altar of Xom.
  3285 | D:4      | Huge Dmg: 18 dmg
  3519 | D:4      | Found an opulent altar of Gozag.
  3655 | D:4      | Huge Dmg: 10 dmg
  3807 | D:4      | Got a faintly glowing buckler
  3813 | D:4      | Identified the +1 buckler of Xekos {rC+} (You found it on level 4 of the Dungeon)
  3915 | D:4      | Noticed a wyvern
  3920 | D:4      | Huge Dmg: 23 dmg
  3921 | D:4      | Huge Dmg: 15 dmg
  3923 | D:4      | Killed a wyvern
  3923 | D:4      | Reached XP level 7. HP: 36/66 MP: 6/6
  3929 | D:4      | Huge Dmg: 11 dmg
  4197 | D:4      | Found a shimmering altar of Xom.
  4210 | D:4      | Found a shimmering altar of Xom.
  4572 | D:5      | Entered Level 5 of the Dungeon
  4705 | D:5      | Found a staircase to the Ecumenical Temple.
  4743 | Temple   | Entered the Ecumenical Temple
  4822 | D:5      | Got a brightly glowing rapier
  4823 | D:5      | Identified the +9 rapier "Monik" {pierce, rF- Int+5} (You found it on level 5 of the Dungeon)
  5041 | D:5      | Found Woicid's Jewellery Shop.
  5111 | D:5      | Huge Dmg: 19 dmg
  5281 | D:5      | Found an ancient bone altar of Kikubaaqudgha.
  5282 | D:5      | Found an opulent altar of Gozag.
  5461 | D:5      | Found a glowing silver altar of Zin.
  5702 | D:5      | Reached XP level 8. HP: 57/75 MP: 7/7
  5934 | D:6      | Huge Dmg: 20 dmg
  5935 | D:6      | Huge Dmg: 9 dmg
  5936 | D:6      | Huge Dmg: 11 dmg
  5947 | D:6      | Huge Dmg: 12 dmg
  6113 | D:6      | Found a blossoming altar of Fedhas.
  6284 | D:6      | Found a white marble altar of Elyvilon.
  6333 | D:6      | Found a glowing drain.
  6356 | Sewer    | Entered a sewer
  6446 | Sewer    | Reached **** piety under Trog
  7018 | D:6      | Reached skill level 10 in Fighting
  7095 | D:6      | Found a deep blue altar of Sif Muna.
  7164 | D:6      | Reached skill level 10 in Axes
  7177 | D:6      | Noticed an eight-headed hydra
  7178 | D:6      | Found an iron altar of Okawaru.
  7181 | D:6      | Huge Dmg: 23 dmg
  7182 | D:6      | Huge Dmg: 20 dmg
  7188 | D:6      | Killed an eight-headed hydra
  7188 | D:6      | Reached XP level 9. HP: 65/86 MP: 8/8
  7190 | D:6      | Huge Dmg: 20 dmg
  7545 | D:7      | Found a radiant altar of Vehumet.
  8435 | D:8      | Reached skill level 5 in Armour
  9034 | D:8      | Huge Dmg: 14 dmg
  9040 | D:8      | Reached XP level 10. HP: 57/96 MP: 9/9
  9226 | D:8      | Found a staircase to the Lair.
  9510 | D:9      | Reached skill level 5 in Dodging
  9531 | D:9      | Reached ***** piety under Trog
  9608 | D:9      | Found Obabi's Armour Shop.
  9659 | D:9      | Found a snail-covered altar of Cheibriados.
  9806 | D:9      | Huge Dmg: 19 dmg
 10233 | D:10     | Entered Level 10 of the Dungeon
 10249 | D:10     | Huge Dmg: 12 dmg
 10250 | D:10     | Huge Dmg: 20 dmg
 10250 | D:10     | HP: 1/97 [yak (9)]
 10251 | D:10     | Huge Dmg: 16 dmg
 10457 | D:10     | Noticed a two-headed ogre
 10464 | D:10     | Killed a two-headed ogre
 10608 | D:10     | Noticed mg7810's ghost (novice HOFi)
 10626 | D:10     | Killed mg7810's ghost
 10631 | D:10     | Huge Dmg: 24 dmg
 10823 | D:10     | Got an ancient tin ring
 10825 | D:10     | Identified the ring of Riacedghe {rC- rN+ Str+3 Dex-4 Stlth+} (You found it on level 10 of the Dungeon)
 10841 | D:10     | Received a gift from Trog
 10905 | D:10     | Noticed a two-headed ogre
 10911 | D:10     | Huge Dmg: 34 dmg
 10914 | D:10     | Killed a two-headed ogre
 10914 | D:10     | Reached XP level 11. HP: 47/107 MP: 10/10
 10937 | D:10     | Huge Dmg: 21 dmg
 11299 | D:10     | Huge Dmg: 28 dmg
 11525 | D:10     | Noticed Nergalle
 11539 | D:10     | Killed Nergalle
 11733 | D:10     | Found Byuleed's Weapon Emporium.
 12116 | Lair:1   | Entered Level 1 of the Lair of Beasts
 12240 | Lair:1   | Noticed Gastronok
 12276 | Lair:1   | Killed Gastronok
 13148 | Lair:2   | Found a frozen archway.
 13164 | IceCv    | Entered an ice cave
 13192 | IceCv    | Reached skill level 15 in Fighting
 13192 | IceCv    | Reached XP level 12. HP: 117/119 MP: 11/11
 13224 | IceCv    | Reached skill level 15 in Axes
 13237 | IceCv    | Reached XP level 13. HP: 115/126 MP: 12/12
 13294 | IceCv    | Huge Dmg: 13 dmg
 13852 | IceCv    | Huge Dmg: 40 dmg
 13891 | IceCv    | Got a twitching wooden ring
 13907 | IceCv    | Identified the ring of Nerch {Wiz Str+3 Dex+3} (You found it in an ice cave)
 14074 | Lair:2   | Found a staircase to the Swamp.
 14243 | Lair:2   | Huge Dmg: 31 dmg
 14295 | Lair:2   | Found a staircase to the Snake Pit.
 14663 | Lair:3   | Reached skill level 10 in Armour
 15256 | Lair:3   | Identified a scroll of acquirement
 15355 | Lair:4   | Huge Dmg: 54 dmg
 15399 | Lair:4   | Found a snail-covered altar of Cheibriados.
 17031 | Lair:5   | Found a staircase to the Slime Pits.
 17130 | Slime:1  | Entered Level 1 of the Pits of Slime
 17130 | Slime:1  | Noticed an azure jelly
 17130 | Slime:1  | Noticed an azure jelly
 17137 | Lair:5   | Killed an azure jelly
 17143 | Lair:5   | Huge Dmg: 43 dmg
 17294 | Lair:6   | Entered Level 6 of the Lair of Beasts
 17479 | Lair:6   | Huge Dmg: 13 dmg
 17480 | Lair:6   | Reached XP level 14. HP: 65/138 MP: 7/13
 17491 | Lair:6   | Huge Dmg: 17 dmg
 17498 | Lair:6   | Huge Dmg: 10 dmg
 17499 | Lair:6   | Huge Dmg: 7 dmg
 17500 | Lair:6   | Huge Dmg: 6 dmg
 17502 | Lair:6   | Huge Dmg: 9 dmg
 17818 | Lair:6   | Huge Dmg: 41 dmg
 17819 | Lair:6   | Huge Dmg: 22 dmg
 17819 | Lair:6   | Reached skill level 10 in Dodging
 18606 | Lair:6   | Received a gift from Trog
 19595 | D:11     | Reached skill level 1 in Throwing
 19672 | D:11     | Noticed Grum
 19684 | D:11     | Killed Grum
 20389 | D:11     | Found a staircase to the Orcish Mines.
 20782 | Orc:1    | Entered Level 1 of the Orcish Mines
 20872 | Orc:2    | Entered Level 2 of the Orcish Mines
 21281 | Orc:1    | Found a roughly hewn altar of Beogh.
 22026 | Orc:2    | Found a staircase to the Elven Halls.
 22042 | Elf:1    | Entered Level 1 of the Elven Halls
 22048 | Orc:2    | Reached ****** piety under Trog
 22398 | Orc:2    | Found Deemig's Food Shop.
 22405 | Orc:2    | Found Wagyfacu's Magic Scroll Boutique.
 22412 | Orc:2    | Received a gift from Trog
 22443 | Orc:2    | Huge Dmg: 31 dmg
 22480 | Orc:2    | Huge Dmg: 15 dmg
 22919 | Orc:2    | Reached XP level 15. HP: 141/149 MP: 3/14
 22957 | Orc:2    | Huge Dmg: 23 dmg
 23167 | Orc:2    | Found Leirph's Book Shoppe.
 23167 | Orc:2    | Found a one-way gate leading to the halls of Pandemonium.
 23167 | Orc:2    | Found Qyboim's Antique Weapon Emporium.
 23902 | D:12     | Received a gift from Trog
 24028 | D:12     | Noticed Josephine
 24043 | D:12     | Huge Dmg: 37 dmg
 24045 | D:12     | Killed Josephine
 24628 | D:12     | Gained mutation: You evolve. [mutagenic meat]
 24629 | D:12     | Gained mutation: You do not regenerate when monsters are visible. [mutagenic meat]
 24929 | D:13     | Gained mutation: Your spells are a little harder to cast, but a little more powerful. [mutagenic meat]
 24930 | D:13     | Gained mutation: You have a pair of large horns on your head. [mutagenic meat]
 25014 | D:13     | Found a basalt altar of Yredelemnul.
 25230 | D:13     | Noticed Frances
 25243 | D:13     | Killed Frances
 25482 | D:14     | Found a gate to the Vaults.
 25482 | D:14     | Noticed Nessos
 25487 | D:14     | Received a gift from Trog
 25504 | D:13     | Huge Dmg: 16 dmg
 26058 | D:14     | Gained mutation: Potions are less effective at restoring your health. [mutagenic meat]
 26061 | D:14     | Gained mutation: You are clumsy. (Dex -2) [mutagenic meat]
 26062 | D:14     | Gained mutation: Your magical capacity is low. (-10% MP) [mutagenic meat]
 26063 | D:14     | Gained mutation: Your body sometimes deteriorates upon taking damage. [mutagenic meat]
 26065 | D:14     | Gained mutation: You are resistant to electric shocks. (rElec) [mutagenic meat]
 26066 | D:14     | Lost mutation: Potions are less effective at restoring your health. [mutagenic meat]
 26067 | D:14     | Lost mutation: Your body sometimes deteriorates upon taking damage. [mutagenic meat]
 26068 | D:14     | Lost mutation: You evolve. [potion of mutation]
 26068 | D:14     | Lost mutation: You have a pair of large horns on your head. [potion of mutation]
 26068 | D:14     | Lost mutation: Your magical capacity is low. (-10% MP) [potion of mutation]
 26068 | D:14     | Gained mutation: Armour fits poorly on your strangely shaped body. [potion of mutation]
 26068 | D:14     | Gained mutation: Your flesh is cold resistant. (rC+) [potion of mutation]
 26069 | D:14     | Lost mutation: Armour fits poorly on your strangely shaped body. [potion of mutation]
 26069 | D:14     | Lost mutation: You do not regenerate when monsters are visible. [potion of mutation]
 26069 | D:14     | Lost mutation: Your flesh is cold resistant. (rC+) [potion of mutation]
 26069 | D:14     | Lost mutation: Your spells are a little harder to cast, but a little more powerful. [potion of mutation]
 26069 | D:14     | Lost mutation: You are clumsy. (Dex -2) [potion of mutation]
 26069 | D:14     | Gained mutation: You tend to lose your temper in combat. [potion of mutation]
 26069 | D:14     | Lost mutation: You tend to lose your temper in combat. [potion of mutation]
 26081 | D:14     | Found a glowing silver altar of Zin.
 26192 | D:14     | Killed Nessos
 26802 | D:14     | Received a gift from Trog
 26807 | D:14     | Noticed an orc warlord
 26819 | D:14     | Killed an orc warlord
 26919 | D:14     | Huge Dmg: 55 dmg
 26929 | D:14     | Reached skill level 5 in Throwing
 27132 | D:15     | Entered Level 15 of the Dungeon
 27334 | D:15     | Huge Dmg: 36 dmg
 27341 | D:15     | Reached XP level 16. HP: 90/160 MP: 5/15
 27348 | D:15     | Found a staircase to the Depths.
 27352 | D:15     | Huge Dmg: 24 dmg
 27357 | D:15     | Huge Dmg: 16 dmg
 27359 | D:15     | Huge Dmg: 25 dmg
 27367 | D:15     | Huge Dmg: 12 dmg
 27367 | D:15     | HP: 11/240 [dire elephant (24)]
 27368 | D:15     | Huge Dmg: 11 dmg
 27372 | D:15     | HP: 8/240 [salamander/enchanted halberd (7)]
 27372 | D:15     | Slain by a salamander

Skill      XL: |  1  2  3  4  5  6  7  8  9 10 11 12 13 14 15 |
---------------+----------------------------------------------+-----
Axes           | 4 5 6 7 8 10 11 12 14 15 16 17 19 | 19.1
Fighting       | 4 5 6 7 8 10 11 13 15 16 18 19 | 19.0
Armour         | 3 5 7 9 10 12 | 12.9
Dodging        | 3 4 6 8 9 11 12 | 12.1
Throwing       | 2 5 |  5.2

Action                   |  1- 3 |  4- 6 |  7- 9 | 10-12 | 13-15 | 16-18 || total
-------------------------+-------+-------+-------+-------+-------+-------++-------
Melee: Hand axe          |    62 |   159 |       |       |       |       ||   221
       Headbutt          |     5 |    31 |    43 |    75 |   321 |     9 ||   484
       War axe           |       |       |    46 |       |       |       ||    46
       Rapier            |       |       |   263 |   383 |   496 |       ||  1142
       Battleaxe         |       |       |       |       |   976 |    18 ||   994
Invok: Trog's Hand       |     1 |     4 |     4 |     8 |    16 |     1 ||    34
       Berserk           |     1 |     1 |     2 |     2 |     5 |     1 ||    12
       Burn Spellbooks   |       |     1 |     1 |     2 |     2 |       ||     6
       Brothers in Arms  |       |       |     1 |       |     4 |       ||     5
  Use: Scroll            |     5 |     3 |    12 |     8 |    10 |     1 ||    39
       Potion            |       |       |       |     3 |     5 |       ||     8
 Stab: Petrified         |       |       |       |       |     1 |       ||     1
  Eat: Chunk             |       |    12 |    21 |    12 |    63 |       ||   108
       Fruit             |       |       |     2 |       |     2 |       ||     4
       Royal jelly       |       |       |       |     1 |       |       ||     1
       Bread ration      |       |       |       |     1 |     1 |       ||     2
       Meat ration       |       |       |       |       |     1 |       ||     1
Armor: Ring mail         |    20 |    46 |    18 |       |       |       ||    84
       Chain mail        |       |       |   151 |     5 |       |       ||   156
       Plate armour      |       |       |       |   216 |   716 |    14 ||   946
Dodge: Dodged            |    44 |    97 |   131 |   207 |  1251 |    10 ||  1740
Block: Buckler           |       |     2 |    62 |    84 |   149 |       ||   297
       Other             |       |       |       |       |    46 |       ||    46
       Reflection        |       |       |       |       |     7 |       ||     7
